 Dungeon Crawl Stone Soup version 0.29.1-2-gbd0b4ee654 (webtiles) character file.

Game seed: 7906633500312952130

16 Sanktem7 the Trooper (level 2, 0/27 HPs)
             Began as a Minotaur Fighter on Nov 30, 2022.
             Slain by a gnoll
             ... wielding a +0 flail
              (4 damage)
             ... on level 2 of the Dungeon.
             The game lasted 00:01:07 (370 turns).

Sanktem7 the Trooper (Minotaur Fighter)              Turns: 370, Time: 00:01:07

Health: 0/27       AC:  9    Str: 20    XL:     2   Next: 41%
Magic:  1/1        EV:  9    Int:  5    God:
Gold:   62         SH:  4    Dex:  9    Spells: 1/1 levels left

rFire   . . .      SeeInvis .   a - +0 war axe {axe}
rCold   . . .      Faith    .   c - +0 buckler
rNeg    . . .      Spirit   .   b - +0 scale mail
rPois   .          Reflect  .   (helmet restricted)
rElec   .          Harm     .   h - +1 cloak
rCorr   .          Rampage  .   (no gloves)
Will    .....                   (no boots)
Stlth   ..........              (no amulet)
HPRegen 0.09/turn               (no ring)
MPRegen 0.07/turn               (no ring)

@: no status effects
A: horns 2, retaliatory headbutt
a: no special abilities


You were on level 2 of the Dungeon.
You visited 1 branch of the dungeon, and saw 2 of its levels.

You collected 62 gold pieces.


Innate Abilities, Weirdness & Mutations

You have a pair of horns on your head.
You reflexively headbutt those who attack you in melee.


   Skills:
 * Level 4.1 Fighting
 * Level 3.0 Axes
 + Level 3.8 Armour
 - Level 3.6 Shields


You had one spell level left.
You didn't know any spells.
Your spell library contained the following spells:

 Spells                   Type           Power      Damage    Failure   Level
 Apportation              Tloc           0%         N/A       89%         1
 Necrotise                Necr           0%         1d4       89%         1
 Summon Small Mammal      Summ           0%         N/A       89%         1

Inventory:

Hand Weapons
 a - a +0 war axe (weapon) {axe}
Missiles
 f - 7 stones (quivered) {throwing}
 i - 3 atropa-tipped darts {throwing}
Armour
 b - a +0 scale mail (worn)
 c - a +0 buckler (worn)
 h - a +1 cloak (worn)
   (You found it on level 1 of the Dungeon)
 k - the +1 robe of Haunted Mirth {+Blink Regen+ Archmagi}
   (You found it on level 2 of the Dungeon)

   +Blink:    It lets you blink.
   Regen:     It increases your rate of health regeneration.
   Archmagi:  It increases the power of your magical spells.
Magical Staves
 j - a staff of conjuration {!a@e2staff}
   (You found it on level 1 of the Dungeon)
Scrolls
 e - a scroll of poison {unknown}
Potions
 d - a potion of might
 g - a potion of attraction {unknown}
 l - a potion of resistance {unknown}

Dungeon Overview and Level Annotations

Branches:
Dungeon (2/15) Zot: 11619

Altars:

Shops:
D:1

= #####################
#............@ggg....
#.########################
#.........................
#..###############†.######
#..#.............)...<..#
#..#+#######.....#.####.#
#.............†......#
#.......####..#.##.#.#
#..........##.......#.#.#


You could see 3 gnolls.


Message History

A sourceless malevolence fills the Dungeon...
You fall into a shaft and drop 1 floor!
The shaft crumbles and collapses.
Found a stone staircase leading up.
A bat and a goblin come into view.
The goblin shouts!
The bat hits you. 😕 HP[-1]
You take 1 damage, and now have 26/27 hp.
You hit the bat.
You kill the bat!
The goblin hits you but does no damage.
You see here a bat corpse.
You hit the goblin. You headbutt the goblin.
You kill the goblin!
No target in view!
No target in view!
No target in view!
No target in view!
No target in view!
No target in view!
No target in view!
No target in view!
No target in view!
No target in view!
No target in view!
No target in view!
No target in view!
No target in view!
No target in view!
No target in view!
Found a stone staircase leading up. 😎 HP[+1]
Your hp is fully restored (27).
No target in view!
No target in view!
No target in view!
No target in view!
No target in view!
No target in view!
No target in view!
No target in view!
No target in view!
k - the +1 robe of Haunted Mirth {+Blink Regen+ Archmagi} A dart slug comes into view.
A dart slug is nearby!
A bat comes into view.
The dart slug bites you but does no damage.
The bat hits you but does no damage.
You slash the dart slug! You headbutt the dart slug.
You kill the dart slug!
You hit the bat. The bat hits you but does no damage.
Your Axes skill increases to level 3!
The bat hits you but does no damage. The bat hits you but does no damage.
You barely miss the bat. You block the bat's attack.
The bat hits you but does no damage.
You hit the bat.
You kill the bat!
No target in view!
No target in view!
No target in view!
No target in view!
No target in view!
No target in view!
No target in view!
No target in view!
No target in view!
No target in view!
No target in view!
No target in view!
No target in view!
You see here a dart slug corpse.
l - a grey potion A gnoll comes into view.
It is wielding a +0 spear.
The gnoll shouts!
A gnoll comes into view. It is wielding a +0 spear.
A gnoll comes into view. It is wielding a +0 flail.
The gnoll hits you with a +0 spear! 😮 HP[-8]
You take 8 damage, and now have 19/27 hp.
MASSIVE DAMAGE!! (PAUSE)
You barely miss the gnoll. Your headbutt misses the gnoll.
The gnoll barely misses you. The gnoll hits you but does no damage.
The gnoll hits you with a +0 spear. 😮 HP[-2]
You take 2 damage, and now have 17/27 hp.
You hit the gnoll. You headbutt the gnoll. You closely miss the gnoll.
You headbutt the gnoll.
The gnoll hits you from afar with a +0 spear.
* * * LOW HITPOINT WARNING * * *
The gnoll barely misses you. The gnoll hits you with a +0 flail.
* * * LOW HITPOINT WARNING * * *
You barely miss the gnoll.
The gnoll hits you from afar with a +0 spear.
* * * LOW HITPOINT WARNING * * *
The gnoll barely misses you.
You closely miss the gnoll. The gnoll closely misses you.
You block the gnoll's attack. The gnoll hits you with a +0 flail.
You die...

Skill      XL: |  1  2 |
---------------+-------+-----
Fighting       | 4 |  4.1
Axes           | 3 |  3.0
Armour         | |  3.8
Shields        | |  3.6

Action                   || total
-------------------------++-------
Melee: War axe           ||    23
       Headbutt          ||     5
Armor: Scale mail        ||    14
Dodge: Dodged            ||     8
Block: Buckler           ||     7

Levels and vault maps discovered:
D:1:      minmay_arrival_stone_box, layout_basic, serial_shops, shop,
          ebering_ecumenical_altar_abandoned
D:2:      layout_basic, minmay_heptomino_l4

Notes
Turn   | Place    | Note
-------+----------+-------------------------------------------
     0 | D:1      | Sanktem7 the Minotaur Fighter began the quest for the Orb.
     0 | D:1      | Reached XP level 1. HP: 19/19 MP: 0/0
     0 | D:1      | magus.rc [v1.9.6]
   119 | D:1      | Reached XP level 2. HP: 23/27 MP: 1/1
   205 | D:1      | You pick up a book of Cantrips and begin reading...
   205 | D:1      | You add the spells Necrotise, Summon Small Mammal and
                  | Apportation to your library.
   241 | D:1      | Reached skill level 4 in Fighting
   268 | D:1      | Found Ciog's Jewellery Shoppe.
   300 | D:1      | You fall into a shaft and drop 1 floor!
   317 | D:2      | Identified the +1 robe of Haunted Mirth {+Blink Regen+
                  | Archmagi}
   326 | D:2      | Reached skill level 3 in Axes
   368 | D:2      | HP: 6/27 [gnoll/+0 flail (5)]
   370 | D:2      | Slain by a gnoll

Vanquished Creatures
  A dart slug (D:2)
  4 bats
  A hobgoblin (D:1)
  2 kobolds (D:1)
  2 quokkas (D:1)
  2 goblins
12 creatures vanquished.

Table legend:
 A = Non-vault XP
 B = Vault XP
 C = Vault XP percentage of total XP
 D = Non-vault monster count
 E = Vault monster count
 F = Vault count percentage of total count
                 A         B        C        D         E       F
            +---------+---------+-------+---------+---------+-------
      Total |      24 |       0 |   0.0 |      12 |       0 |   0.0
            +---------+---------+-------+---------+---------+-------
        D:1 |      15 |       0 |   0.0 |       8 |       0 |   0.0
        D:2 |       9 |       0 |   0.0 |       4 |       0 |   0.0
            +---------+---------+-------+---------+---------+-------

Illustrated notes

Table legend:
 A = Kills in this place as a percentage of kills in entire the game.
 B = Kills by you in this place as a percentage of kills by you in the entire game.
 C = Kills by friends in this place as a percentage of kills by friends in the entire game.
 D = Other kills in this place as a percentage of other kills in the entire game.
 E = Experience gained in this place as a percentage of experience gained in the entire game.
 F = Experience gained in this place divided by the number of levels of this place that you have seen.
                   A       B       C       D       E      F
               +-------+-------+-------+-------+-------+----------------------
         Total | 100.0 | 100.0 |   N/A |   N/A | 100.0 |  12.0
       Dungeon | 100.0 | 100.0 |   N/A |   N/A | 100.0 |  12.0
               +-------+-------+-------+-------+-------+----------------------

Table legend: (Time is in decaauts)
 A = Elapsed time spent in this place.
 B = Non-inter-level travel time spent in this place.
 C = Inter-level travel time spent in this place.
 D = Time resting spent in this place.
 E = Time spent auto-exploring this place.
 F = Levels seen in this place.
 G = Mean time per level.
                   A        B        C        D        E       F      G
               +--------+--------+--------+--------+--------+-----+--------+
         Total |    379 |    379 |      0 |      0 |    300 |   2 |  189.5 |
       Dungeon |    379 |    379 |      0 |      0 |    300 |   2 |  189.5 |
               +--------+--------+--------+--------+--------+-----+--------+

Top non-repeatable levels by time:
     D:1: 305 daAuts
     D:2: 73 daAuts
